 Dungeon Crawl Stone Soup version 0.24-a0-613-g1ff6aac338 (webtiles) character file.

Game seed: 8893691707959199213, levelgen mode: deterministic

63 Gynju the Chopper (level 4, -5/39 HPs)
             Began as a Hill Orc Fighter on Sept 11, 2019.
             Slain by an orc warrior
             ... wielding a +0 halberd
              (15 damage)
             ... on level 3 of the Dungeon.
             The game lasted 00:01:24 (1576 turns).

Gynju the Chopper (Hill Orc Fighter)                Turns: 1576, Time: 00:01:26

Health: -5/39      AC:  9    Str: 19    XL:     4   Next: 10%
Magic:  4/4        EV:  7    Int:  8    God:
Gold:   166        SH:  9    Dex: 10    Spells: 3/3 levels left

rFire    . . .     SeeInvis .   a - +0 war axe
rCold    . . .     Gourm    .   c - +0 shield
rNeg     . . .     Faith    .   b - +0 scale mail
rPois    .         Spirit   .   j - +0 helmet
rElec    .         Reflect  .   (no cloak)
rCorr    .         Harm     .   k - +0 pair of gloves (curse)
MR       .....                  (no boots)
Stlth    ..........             p - amulet of inaccuracy (curse)
HPRegen  0.13/turn              e - +2 ring of slaying
MPRegen  0.09/turn              (no ring)

@: no status effects
A: no striking features
a: Convert to Beogh


You were on level 3 of the Dungeon.
You were not hungry.

You visited 1 branch of the dungeon, and saw 3 of its levels.

You collected 166 gold pieces.

Inventory:

Hand Weapons
 a - a +0 war axe (weapon)
Armour
 b - a +0 scale mail (worn)
 c - a +0 shield (worn)
 j - a +0 helmet (worn)
 k - a cursed +0 pair of gloves (worn)
Jewellery
 e - a +2 ring of slaying (left hand)
 p - a cursed amulet of inaccuracy (around neck)
Scrolls
 g - 2 scrolls of remove curse {unknown}
 i - a scroll of immolation {unknown}
 l - a scroll of blinking {unknown}
 m - 2 scrolls of identify {unknown}
 n - a scroll of enchant weapon {unknown}
 q - a scroll of teleportation {unknown}
Potions
 d - a potion of might
 h - a potion of agility {unknown}
Comestibles
 f - 3 rations
 o - 2 chunks of flesh


   Skills:
 - Level 3.6 Fighting
 + Level 5.7 Axes
 - Level 3.2 Armour
 - Level 3.2 Shields


You had 3 spell levels left.
You didn't know any spells.
Your spell library was empty.

Dungeon Overview and Level Annotations

Branches:
Dungeon (3/15)

Altars:
Sif Muna
Trog


Message History

You are too injured to fight recklessly!
You are too injured to fight recklessly!
You are too injured to fight recklessly!
You are too injured to fight recklessly!
You are too injured to fight recklessly!
You are too injured to fight recklessly!
You closely miss the orc priest.
The orc priest hits you but does no damage.
The orc warrior hits you from afar with a +0 halberd!
The orc priest shouts, "Join the one true god or die!"
The orc priest threatens, "By the altar or by the axe, you will meet Beogh!"
You hit the orc priest.
The orc priest is moderately wounded.
Your shield and scale mail prevent you from hitting the goblin.
The goblin barely misses you.
The orc priest mumbles some strange prayers to Beogh against you.
Pain shoots through your body!
* * * LOW HITPOINT WARNING * * *
The orc warrior hits you from afar with a +0 halberd!
You die...

..##.#.# #...#
....>..# #...# .#
..##.##### #...#
.# ...<.....#
###.# .#
..######.# #.# .#
. #.# .#
.#####.##.######
........g....[...
#.#####.#@######
...#o†......
#####o.######
.>.# #..# #..#
#..# #..#


You could see an orc warrior, an orc priest and a goblin.

Vanquished Creatures
  An adder (D:2)
  An ooze (D:1)
  A worm (D:2)
  3 dart slugs
  2 leopard geckos (D:2)
  An orc (D:3)
  A ball python (D:2)
  4 giant cockroaches (D:1)
  6 goblins
  A hobgoblin (D:3)
  6 kobolds
  4 bats
  3 frilled lizards
  2 rats (D:2)
36 creatures vanquished.

Notes
Turn   | Place    | Note
-------+----------+-------------------------------------------
     0 | D:1      | Gynju the Hill Orc Fighter began the quest for the Orb.
     0 | D:1      | Reached XP level 1. HP: 19/19 MP: 1/1
    17 | D:1      | Reached skill level 3 in Axes
    79 | D:1      | Reached XP level 2. HP: 26/26 MP: 2/2
   205 | D:1      | Reached skill level 4 in Axes
   460 | D:1      | Reached XP level 3. HP: 31/31 MP: 3/3
   697 | D:2      | Found a bloodstained altar of Trog.
   823 | D:2      | Reached skill level 5 in Axes
   926 | D:2      | Found a shimmering blue altar of Sif Muna.
  1354 | D:2      | Reached XP level 4. HP: 39/39 MP: 4/4
  1571 | D:3      | Noticed an orc warrior
  1576 | D:3      | Slain by an orc warrior

Levels and vault maps discovered:
D:1:      eino_arrival_tree_alley, layout_loops_ring
D:2:      layout_loops_ring, lemuel_blue_sif_altar, trog_three_pillars_becter
D:3:      layout_basic

Skill      XL: |  1  2  3 |
---------------+----------+-----
Axes           | 3 4 5 |  5.7
Fighting       | |  3.6
Armour         | |  3.2
Shields        | |  3.2

Action                   |  1- 3 |  4- 6 || total
-------------------------+-------+-------++-------
Melee: War axe           |    75 |     9 ||    84
  Eat: Chunk             |     1 |     1 ||     2
Armor: Scale mail        |    34 |     2 ||    36
Dodge: Dodged            |    23 |     4 ||    27
Block: Shield            |    35 |     9 ||    44

Table legend:
 A = Non-vault XP
 B = Vault XP
 C = Vault XP percentage of total XP
 D = Non-vault monster count
 E = Vault monster count
 F = Vault count percentage of total count
                 A         B        C        D         E       F
            +---------+---------+-------+---------+---------+-------
      Total |      91 |       0 |   0.0 |      36 |       0 |   0.0
            +---------+---------+-------+---------+---------+-------
        D:1 |      38 |       0 |   0.0 |      16 |       0 |   0.0
        D:2 |      45 |       0 |   0.0 |      16 |       0 |   0.0
        D:3 |       8 |       0 |   0.0 |       4 |       0 |   0.0
            +---------+---------+-------+---------+---------+-------
